TOP OF THE 1ST |
Bluefield Blue Jays batting - Pitching for Great Falls Voyagers : LHP Yusufu Mustafa
|
Pitching: LHP Yusufu Mustafa
|
|
Batting: RHB Brock Van Gilder
|
0-0: Called Strike 0-1: Ball 1-1: Ball 2-1: Foul Ball, location: 2F 2-2: Foul Ball, location: 2F 2-2: Foul Ball, location: 2F 2-2: Foul Ball, location: 2F 2-2: Strikes out looking
|
Batting: RHB Chris Martin
|
0-0: Called Strike 0-1: Fly out, F8 (Flyball, 8LD, EV 95.0 MPH)
|
Batting: LHB Chaim Huting
|
0-0: Ball 1-0: Called Strike 1-1: Ground out 5-3 (Groundball, 56, EV 103.8 MPH)
|
Top of the 1st over - 0 runs, 0 hits, 0 errors, 0 left on base; Bluefield 0 - Great Falls 0 |
BOTTOM OF THE 1ST |
Great Falls Voyagers batting - Pitching for Bluefield Blue Jays : RHP Philip Sonnichsen
|
Pitching: RHP Philip Sonnichsen
|
|
Batting: RHB Andy Cotton
|
0-0: Called Strike 0-1: Called Strike 0-2: Ball 1-2: Foul Ball, location: 2F 1-2: Strikes out swinging
|
Batting: SHB Alfie Bungledorf
|
0-0: Swinging Strike 0-1: Foul Ball, location: 2F 0-2: Ball 1-2: Strikes out swinging
|
Batting: LHB Jason Bell
|
0-0: Called Strike 0-1: Ball 1-1: Foul Ball, location: 2F 1-2: Foul Ball, location: 2F 1-2: Fly out, F7 (Flyball, 7, EV 90.6 MPH)
|
Bottom of the 1st over - 0 runs, 0 hits, 0 errors, 0 left on base; Bluefield 0 - Great Falls 0 |
TOP OF THE 2ND |
Bluefield Blue Jays batting - Pitching for Great Falls Voyagers : LHP Yusufu Mustafa
|
Batting: RHB Frank Caulfield
|
0-0: Ground out 5-3 (Groundball, 56S, EV 85.6 MPH)
|
Batting: RHB Jose Ontiveros
|
0-0: Called Strike 0-1: Ball 1-1: Foul Ball, location: 2F 1-2: DOUBLE (Flyball, 9LD, EV 91.9 MPH)
|
Batting: RHB Mike Johnson
|
0-0: Ball 1-0: Foul Ball, location: 2F 1-1: Ground out 4-3 (Groundball, 4MS, EV 64.4 MPH) Jose Ontiveros to third
|
Batting: RHB Tokuji Kawabata
|
0-0: Ball 1-0: Called Strike 1-1: Ball 2-1: Called Strike 2-2: Ball 3-2: DOUBLE (Line Drive, 3D, EV 103.8 MPH) Jose Ontiveros scores
|
Batting: RHB Bobby Lasaguna
|
0-0: Called Strike 0-1: DOUBLE (Flyball, 8RD, EV 106.2 MPH) Tokuji Kawabata scores
|
Batting: RHB Ed Swafford
|
0-0: Ground out 6-3 (Groundball, 6, EV 87.5 MPH)
|
Top of the 2nd over - 2 runs, 3 hits, 0 errors, 1 left on base; Bluefield 2 - Great Falls 0 |
BOTTOM OF THE 2ND |
Great Falls Voyagers batting - Pitching for Bluefield Blue Jays : RHP Philip Sonnichsen
|
Batting: RHB Danny Longoria
|
0-0: Ball 1-0: Swinging Strike 1-1: Ball 2-1: Swinging Strike 2-2: Foul Ball, location: 2F 2-2: Ball 3-2: Strikes out looking
|
Batting: SHB Ruben Velasco Jr.
|
0-0: Foul Ball, location: 2F 0-1: Ball 1-1: Ball 2-1: Swinging Strike 2-2: Ball 3-2: DOUBLE (Line Drive, 89M, EV 93.8 MPH)
|
Batting: LHB Jose Duran
|
0-0: Called Strike 0-1: DOUBLE (Flyball, 89D, EV 105.6 MPH) Ruben Velasco Jr. scores
|
Batting: RHB Bill Williams
|
0-0: Called Strike 0-1: Foul Ball, location: 2F 0-2: Ball 1-2: Strikes out swinging
|
Pitching: RHP Eric Bessire
|
|
Batting: RHB Mike Rosa
|
0-0: Called Strike 0-1: Swinging Strike 0-2: Strikes out looking
|
Bottom of the 2nd over - 1 run, 2 hits, 0 errors, 1 left on base; Bluefield 2 - Great Falls 1 |
TOP OF THE 3RD |
Bluefield Blue Jays batting - Pitching for Great Falls Voyagers : LHP Yusufu Mustafa
|
Batting: RHB Brock Van Gilder
|
0-0: Foul Ball, location: 2F 0-1: Ball 1-1: Ground out 6-3 (Groundball, 6, EV 89.4 MPH)
|
Batting: RHB Chris Martin
|
0-0: Ball 1-0: Foul Ball, location: 2F 1-1: Foul Ball, location: 2F 1-2: Ball 2-2: Ball 3-2: Foul Ball, location: 2F 3-2: Fly out, F7 (Line Drive, 7, EV 91.9 MPH)
|
Batting: LHB Chaim Huting
|
0-0: Called Strike 0-1: Ball 1-1: Foul Ball, location: 2F 1-2: Ball 2-2: Foul Ball, location: 2F 2-2: Strikes out looking
|
Top of the 3rd over - 0 runs, 0 hits, 0 errors, 0 left on base; Bluefield 2 - Great Falls 1 |
BOTTOM OF THE 3RD |
Great Falls Voyagers batting - Pitching for Bluefield Blue Jays : RHP Eric Bessire
|
Batting: RHB Armando Vazquez
|
0-0: Ball 1-0: Swinging Strike 1-1: Called Strike 1-2: Ball 2-2: Ground out 6-3 (Groundball, 6MD, EV 108.1 MPH)
|
Batting: RHB Andy Cotton
|
0-0: Ground out 5-3 (Groundball, 5, EV 98.1 MPH)
|
Batting: SHB Alfie Bungledorf
|
0-0: Swinging Strike 0-1: Foul Ball, location: 2F 0-2: Ball 1-2: Ball 2-2: Ground out 5-3 (Groundball, 56S, EV 92.5 MPH)
|
Bottom of the 3rd over - 0 runs, 0 hits, 0 errors, 0 left on base; Bluefield 2 - Great Falls 1 |
TOP OF THE 4TH |
Bluefield Blue Jays batting - Pitching for Great Falls Voyagers : LHP Yusufu Mustafa
|
Batting: RHB Frank Caulfield
|
0-0: Ground out 5-3 (Groundball, 56S, EV 93.8 MPH)
|
Batting: RHB Jose Ontiveros
|
0-0: Ball 1-0: Fly out, F9 (Flyball, 9LS, EV 85.6 MPH)
|
Batting: RHB Mike Johnson
|
0-0: Ground out 5-3 (Groundball, 56S, EV 82.5 MPH)
|
Top of the 4th over - 0 runs, 0 hits, 0 errors, 0 left on base; Bluefield 2 - Great Falls 1 |
BOTTOM OF THE 4TH |
Great Falls Voyagers batting - Pitching for Bluefield Blue Jays : RHP Eric Bessire
|
Batting: LHB Jason Bell
|
0-0: Ball 1-0: Ball 2-0: Called Strike 2-1: Ball 3-1: Called Strike 3-2: Foul Ball, location: 2F 3-2: Fly out, F7 (Line Drive, 7S, EV 86.2 MPH)
|
Batting: RHB Danny Longoria
|
0-0: Called Strike 0-1: Foul Ball, location: 2F 0-2: Strikes out swinging
|
Batting: SHB Ruben Velasco Jr.
|
0-0: Ball 1-0: Ball 2-0: Called Strike 2-1: Swinging Strike 2-2: Ball 3-2: Ground out 4-3 (Groundball, 4, EV 83.8 MPH)
|
Bottom of the 4th over - 0 runs, 0 hits, 0 errors, 0 left on base; Bluefield 2 - Great Falls 1 |
TOP OF THE 5TH |
Bluefield Blue Jays batting - Pitching for Great Falls Voyagers : LHP Yusufu Mustafa
|
Pitching: LHP Ray Sowers
|
|
Batting: RHB Tokuji Kawabata
|
0-0: Called Strike 0-1: Ground out 5-3 (Groundball, 56S, EV 86.2 MPH)
|
Batting: RHB Bobby Lasaguna
|
0-0: Ball 1-0: Foul Ball, location: 2F 1-1: Foul Ball, location: 2F 1-2: Foul Ball, location: 2F 1-2: Foul Ball, location: 2F 1-2: Fly out, F7 (Flyball, 78M, EV 84.4 MPH)
|
Batting: RHB Ed Swafford
|
0-0: Ball 1-0: Foul Ball, location: 2F 1-1: Fly out, F9 (Flyball, 9, EV 89.4 MPH)
|
Top of the 5th over - 0 runs, 0 hits, 0 errors, 0 left on base; Bluefield 2 - Great Falls 1 |
BOTTOM OF THE 5TH |
Great Falls Voyagers batting - Pitching for Bluefield Blue Jays : RHP Eric Bessire
|
Batting: LHB Jose Duran
|
0-0: Foul Ball, location: 2F 0-1: Foul Ball, location: 2F 0-2: Strikes out swinging
|
Batting: RHB Bill Williams
|
0-0: Called Strike 0-1: Foul Ball, location: 2F 0-2: Ball 1-2: Ground out 6-3 (Groundball, 6MD, EV 98.1 MPH)
|
Batting: RHB Mike Rosa
|
0-0: Ball 1-0: Called Strike 1-1: Foul Ball, location: 2F 1-2: Ball 2-2: SINGLE (Groundball, 6MS, EV 65.6 MPH) (infield hit)
|
Batting: RHB Armando Vazquez
|
0-0: Ball 1-0: Called Strike Mike Rosa steals 2nd base 1-1: Foul Ball, location: 2F 1-2: Ball 2-2: Strikes out looking
|
Bottom of the 5th over - 0 runs, 1 hit, 0 errors, 1 left on base; Bluefield 2 - Great Falls 1 |
TOP OF THE 6TH |
Bluefield Blue Jays batting - Pitching for Great Falls Voyagers : LHP Ray Sowers
|
Batting: RHB Brock Van Gilder
|
0-0: Reached on error, E1 (Groundball, 13S, EV 65.6 MPH)
|
Batting: RHB Chris Martin
|
0-0: Ball 1-0: Called Strike 1-1: Ball 2-1: SINGLE (Line Drive, 78S, EV 98.8 MPH) Brock Van Gilder to third
|
Batting: LHB Chaim Huting
|
0-0: Ball 1-0: Called Strike 1-1: Called Strike 1-2: Strikes out swinging
|
Batting: RHB Frank Caulfield
|
0-0: Ball Chris Martin steals 2nd base 1-0: Called Strike 1-1: Ground out 6-3 (Groundball, 6, EV 82.5 MPH)
|
Pitching: LHP Evan Boyd
|
|
Batting: RHB Jose Ontiveros
|
0-0: Ball 1-0: Ball 2-0: Fly out, F3 (Flyball, 3D, EV 87.5 MPH)
|
Top of the 6th over - 0 runs, 1 hit, 1 error, 2 left on base; Bluefield 2 - Great Falls 1 |
BOTTOM OF THE 6TH |
Great Falls Voyagers batting - Pitching for Bluefield Blue Jays : RHP Eric Bessire
|
Batting: RHB Andy Cotton
|
0-0: Ball 1-0: Called Strike 1-1: Called Strike 1-2: Ball 2-2: Foul Ball, location: 2F 2-2: Foul Ball, location: 2F 2-2: Foul Ball, location: 2F 2-2: Fly out, F8 (Flyball, 89D, EV 107.5 MPH)
|
Pitching: RHP Matt Still
|
|
Batting: SHB Alfie Bungledorf
|
0-0: Ball 1-0: Swinging Strike 1-1: Ball 2-1: Ground out 6-3 (Groundball, 56D, EV 102.5 MPH)
|
Batting: LHB Jason Bell
|
0-0: Swinging Strike 0-1: SINGLE (Flyball, 3D, EV 93.1 MPH)
|
Batting: RHB Danny Longoria
|
0-0: 2-RUN HOME RUN (Flyball, 7D, EV 94.4 MPH), Distance : 377 ft
|
Batting: SHB Ruben Velasco Jr.
|
0-0: Called Strike 0-1: Foul Ball, location: 2F 0-2: Strikes out swinging
|
Bottom of the 6th over - 2 runs, 2 hits, 0 errors, 0 left on base; Bluefield 2 - Great Falls 3 |
TOP OF THE 7TH |
Bluefield Blue Jays batting - Pitching for Great Falls Voyagers : LHP Evan Boyd
|
Now at 2B: Mike Rosa
|
|
Now at 3B: Billy Grubbs
|
|
Now at SS: Alfie Bungledorf
|
|
Batting: RHB Mike Johnson
|
0-0: Ball 1-0: Hit by Pitch
|
Batting: RHB Tokuji Kawabata
|
0-0: Bunted foul 0-1: Ball 1-1: Ball 2-1: Sac Bunt to P - play at first, batter OUT! 1-4 Mike Johnson to second
|
Batting: RHB Bobby Lasaguna
|
0-0: SINGLE (Groundball, 56, EV 85.6 MPH) (infield hit) Mike Johnson to third
|
Batting: RHB John Hering
|
0-0: Ball Bobby Lasaguna steals 2nd base (no throw) 1-0: Ball 2-0: Foul Ball, location: 2F 2-1: Foul Ball, location: 2F 2-2: DOUBLE (Groundball, 3L, EV 103.8 MPH) Mike Johnson scores Bobby Lasaguna scores
|
Batting: RHB Brock Van Gilder
|
0-0: Ball 1-0: Called Strike John Hering steals 3rd, throwing error, E2 John Hering scores 1-1: Ball 2-1: Ground out 6-3 (Groundball, 4M, EV 83.8 MPH)
|
Pitching: RHP Ivan Gaona
|
|
Batting: RHB Chris Martin
|
0-0: Called Strike 0-1: Foul Ball, location: 2F 0-2: Fly out, F9 (Flyball, 89M, EV 77.5 MPH)
|
Top of the 7th over - 3 runs, 2 hits, 1 error, 0 left on base; Bluefield 5 - Great Falls 3 |
BOTTOM OF THE 7TH |
Great Falls Voyagers batting - Pitching for Bluefield Blue Jays : RHP Matt Still
|
Batting: LHB Jose Duran
|
0-0: Called Strike 0-1: Foul Ball, location: 2F 0-2: Ball 1-2: Foul Ball, location: 2F 1-2: SINGLE (Line Drive, 4D, EV 107.5 MPH)
|
Batting: RHB Bill Williams
|
0-0: Foul Ball, location: 2F 0-1: Swinging Strike 0-2: Strikes out looking
|
Batting: RHB Mike Rosa
|
0-0: Ball Jose Duran steals 2nd base 1-0: Swinging Strike 1-1: Ground out U3 (Groundball, 3, EV 88.1 MPH) Jose Duran to third
|
Batting: RHB Armando Vazquez
|
0-0: Ball 1-0: Called Strike 1-1: SINGLE (Groundball, 56S, EV 66.9 MPH) (infield hit) Jose Duran scores
|
Pinch Hitting: LHB James Groshong
|
0-0: Called Strike Armando Vazquez steals 2nd base 0-1: Swinging Strike 0-2: Foul Ball, location: 2F 0-2: Ball 1-2: Ball 2-2: Strikes out swinging
|
Bottom of the 7th over - 1 run, 2 hits, 0 errors, 1 left on base; Bluefield 5 - Great Falls 4 |
TOP OF THE 8TH |
Bluefield Blue Jays batting - Pitching for Great Falls Voyagers : RHP Ivan Gaona
|
Pitching: LHP Matt Schwartz
|
|
Now in LF: James Groshong
|
|
Batting: LHB Chaim Huting
|
0-0: Called Strike 0-1: Foul Ball, location: 2F 0-2: Ball 1-2: Ball 2-2: SOLO HOME RUN (Line Drive, 8LXD, EV 115.6 MPH), Distance : 454 ft
|
Pitching: RHP Dicky Goedhart
|
|
Batting: RHB Frank Caulfield
|
0-0: Ball 1-0: Ball 2-0: Called Strike 2-1: Foul Ball, location: 2F 2-2: Ball 3-2: Strikes out swinging
|
Batting: RHB Jose Ontiveros
|
0-0: Fly out, F9 (Flyball, 89D, EV 101.9 MPH)
|
Batting: RHB Mike Johnson
|
0-0: Called Strike 0-1: Ground out 5-3 (Groundball, 56, EV 103.1 MPH)
|
Top of the 8th over - 1 run, 1 hit, 0 errors, 0 left on base; Bluefield 6 - Great Falls 4 |
BOTTOM OF THE 8TH |
Great Falls Voyagers batting - Pitching for Bluefield Blue Jays : RHP Matt Still
|
Pitching: RHP Pat Powell
|
|
Batting: SHB Alfie Bungledorf
|
0-0: Ball 1-0: Swinging Strike 1-1: Swinging Strike 1-2: Foul Ball, location: 2F 1-2: Ball 2-2: Ball 3-2: Base on Balls
|
Batting: LHB Jason Bell
|
0-0: Called Strike 0-1: Fly out, F8 (Flyball, 8RD, EV 104.4 MPH)
|
Batting: RHB Billy Grubbs
|
0-0: Ball 1-0: Called Strike 1-1: Swinging Strike 1-2: Strikes out swinging
|
Batting: SHB Ruben Velasco Jr.
|
0-0: Ball 1-0: Ball 2-0: Foul Ball, location: 2F 2-1: DOUBLE (Flyball, 8LXD, EV 93.8 MPH) Alfie Bungledorf to third
|
Batting: LHB Jose Duran
|
0-0: Ball 1-0: Swinging Strike 1-1: SINGLE (Line Drive, 4D, EV 98.1 MPH) Alfie Bungledorf scores Ruben Velasco Jr. to third Runner from 3rd tries for Home, throw by RF and OUT! 9-2
|
Bottom of the 8th over - 1 run, 2 hits, 0 errors, 1 left on base; Bluefield 6 - Great Falls 5 |
TOP OF THE 9TH |
Bluefield Blue Jays batting - Pitching for Great Falls Voyagers : RHP Dicky Goedhart
|
Batting: RHB Tokuji Kawabata
|
0-0: Called Strike 0-1: Ground out 6-3 (Groundball, 6, EV 93.1 MPH)
|
Batting: RHB Bobby Lasaguna
|
0-0: Called Strike 0-1: Swinging Strike 0-2: Ball 1-2: Strikes out swinging
|
Batting: RHB John Hering
|
0-0: Called Strike 0-1: Ball 1-1: Swinging Strike 1-2: Strikes out swinging
|
Top of the 9th over - 0 runs, 0 hits, 0 errors, 0 left on base; Bluefield 6 - Great Falls 5 |
BOTTOM OF THE 9TH |
Great Falls Voyagers batting - Pitching for Bluefield Blue Jays : RHP Pat Powell
|
Pitching: RHP Sergio Valdivia
|
|
Batting: RHB Bill Williams
|
0-0: Called Strike 0-1: Called Strike 0-2: Ball 1-2: Foul Ball, location: 2F 1-2: Ground out 6-3 (Groundball, 56, EV 80.6 MPH)
|
Batting: RHB Mike Rosa
|
0-0: Swinging Strike 0-1: Ball 1-1: Ball 2-1: Called Strike 2-2: Ball 3-2: SINGLE (Line Drive, 89M, EV 87.5 MPH)
|
Batting: RHB Armando Vazquez
|
0-0: Ball 1-0: Ball 2-0: SINGLE (Groundball, 4D, EV 98.1 MPH) Mike Rosa to second Runner from 2nd tries for 3rd, SAFE, throw by RF made to third
|
Batting: LHB James Groshong
|
0-0: Called Strike 0-1: Foul Ball, location: 2F 0-2: Strikes out swinging
|
Batting: SHB Alfie Bungledorf
|
0-0: Ball 1-0: Called Strike 1-1: Foul Ball, location: 2F 1-2: Ground out 4-3 (Groundball, 4, EV 87.5 MPH)
|
Bottom of the 9th over - 0 runs, 2 hits, 0 errors, 2 left on base; Bluefield 6 - Great Falls 5 |
|